 Dungeon Crawl Stone Soup version 0.29.1-15-g9cfb28693d (webtiles) character file.

Game seed: 15818905749198410711

1017 hawla the Firebug (level 8, 0/38 (41) HPs)
             Began as a Deep Elf Fire Elementalist on Apr 11, 2023.
             Slain by a wight
             ... wielding a +0 flail
              (13 damage)
             ... on level 6 of the Dungeon.
             The game lasted 00:11:43 (4781 turns).

hawla the Firebug (Deep Elf Fire Elementalist)      Turns: 4781, Time: 00:11:44

HP:   0/38 (41)     AC:  4    Str:  5    XL:     8   Next: 1%
MP:   0/20          EV: 12    Int: 29    God:
Gold: 277           SH:  0    Dex: 10    Spells: 11/20 levels left

rFire   + . .      SeeInvis .   l - +2 dagger (vamp)
rCold   . . .      Faith    .   (no shield)
rNeg    . . .      Spirit   .   a - +1 robe
rPois   .          Reflect  .   (no helmet)
rElec   +          Harm     .   (no cloak)
rCorr   .          Rampage  .   (no gloves)
Will    .....                   o - +0 pair of boots
Stlth   ++........              (no amulet)
HPRegen 0.12/turn               p - ring of Uskock {rElec rF+ Int+6 Dex-5 Slay+4}
MPRegen 0.17/turn               (no ring)

@: attractive, flying, drained, invisible
A: no striking features
a: no special abilities


You were on level 6 of the Dungeon.
You visited 1 branch of the dungeon, and saw 6 of its levels.

You collected 277 gold pieces.

Inventory:

Hand Weapons
 l - a +2 vampiric dagger (weapon)
Armour
 a - a +1 robe (worn)
 o - a +0 pair of boots (worn)
Jewellery
 h - a ring of ice
 k - a ring of fire
 p - the ring of Uskock (left hand) {rElec rF+ Int+6 Dex-5 Slay+4}
   (You acquired it on level 5 of the Dungeon)

   [ring of intelligence]

   Int:       It affects your intelligence (+6).
   Dex:       It affects your dexterity (-5).
   Slay:      It affects your accuracy & damage with ranged weapons and melee
   (+4).
   rF:        It protects you from fire.
   rElec:     It insulates you from electricity.
Scrolls
 d - 2 scrolls of blinking
 r - a scroll of identify
Potions
 b - a potion of magic
 c - 3 potions of curing
 e - a potion of flight
 f - a potion of might
 g - a potion of invisibility
 i - a potion of cancellation {unknown}
 j - a potion of attraction
 m - 2 potions of berserk rage {unknown}
 n - a potion of lignification {unknown}
 q - a potion of mutation {unknown}


   Skills:
 + Level 0.2 Fighting
 + Level 0.4 Short Blades
 + Level 3.1 Dodging
 + Level 4.0 Stealth
 + Level 6.8 Spellcasting
 + Level 5.1 Conjurations
 + Level 6.9 Fire Magic
 + Level 0.4 Air Magic
 + Level 0.2 Poison Magic


You had 11 spell levels left.
You knew the following spells:

 Your Spells              Type           Power      Damage    Failure   Level
a - Foxfire               Conj/Fire      100%       2x1d9     1%          1
b - Scorch                Fire           98%        2d9       1%          2
c - Flame Wave            Conj/Fire      44%        2d11      4%          4
d - Poisonous Vapours     Pois/Air       22%        N/A       7%          2

Your spell library contained the following spells:

 Spells                   Type           Power      Damage    Failure   Level
 Magic Dart               Conj           100%       1d8       1%          1
 Conjure Flame            Conj/Fire      44%        6-21      1%          3
 Inner Flame              Hex/Fire       29%        N/A       3%          3
 Dazzling Flash           Conj/Hex       48%        N/A       5%          3
 Mephitic Cloud           Conj/Pois/Air  21%        N/A       7%          3
 Call Imp                 Summ           9%         N/A       8%          2
 Confusing Touch          Hex            9%         N/A       16%         3
 Olgreb's Toxic Radiance  Pois           11%        N/A       43%         4
 Ozocubu's Refrigeration  Ice            4%         4d8       100%        7
 Ignition                 Fire           24%        3d8       100%        8


Dungeon Overview and Level Annotations

Branches:
Dungeon (6/15)
 Temple: D:4-7

Altars:
Zin


Message History

You feel a bit more experienced.
The flame wave engulfs the jelly!!
You kill the jelly!
You hear a shout! x4
Your Dodging skill increases to level 3!
Your Stealth skill increases to level 4!
Your Spellcasting skill increases to level 6!
Your Conjurations skill increases to level 5!
You have reached level 8!
You feel clever.
A wave of flame ripples out!
The flame wave engulfs the wight!
The wight is heavily damaged.
You finish channelling waves of flame.
You hear a loud, deep croak!
You hear a shout!
An orc comes into view. It is wielding a +0 hand axe.
It was a potion of curing.
You feel better. The wight hits you with a +0 flail.
You feel drained.
It was a potion of flight.
You feel very buoyant.
You fly up into the air.
A bullfrog comes into view.
The wight misses you.
It was a potion of invisibility.
You fade into invisibility!
The wight misses you.
Casting: Flame Wave (quite dangerous; 4% risk of failure)
Confirm with . or Enter, or press ? or * to list all spells.
You conjure some foxfire!
The wight hits you with a +0 flail!
* * * LOW HITPOINT WARNING * * *
You feel drained.
* * * LOW HITPOINT WARNING * * *
You feel better.
The foxfire hits the wight but does no damage.
The wight is heavily damaged.
The foxfire hits the wight but does no damage.
The wight is heavily damaged.
The wight completely misses you.
It was a potion of attraction.
You feel attractive to monsters. The wight hits you with a +0 flail!
You die...

#.##.# #.# #.#
#.# ##
##.#######
#........#
#..#####.# ###
#..#
#...##ยง.#####
#...)@........
#......z.##..##
#.#)##.F...$#.#
.. #.....#.#.
#. #.....# #
#.#.#...
#.#.#.##. ..#.#
#


You could see a bullfrog (unable to see you) and a wight (unable to see you).

Vanquished Creatures
  An unseen horror (D:6)
  A water moccasin (D:4)
  A phantom (D:5)
  A bullfrog (D:5)
  A scorpion (D:4)
  2 jellies
  3 hounds
  Jessica (D:3)
  An iguana (D:4)
  3 orc wizards
  4 adders
  A white imp (D:6)
  An ufetubus (D:5)
  5 worms (D:4)
  2 dart slugs (D:2)
  17 orcs
  5 bats
  3 endoplasms
  4 giant cockroaches
  10 hobgoblins
  4 kobolds
  4 quokkas
  8 ball pythons
  4 frilled lizards
  6 goblins
  2 rats
95 creatures vanquished.

Vanquished Creatures (others)
  161 foxfires
161 creatures vanquished.

Grand Total: 256 creatures vanquished

Notes
Turn   | Place    | Note
-------+----------+-------------------------------------------
     0 | D:1      | hawla the Deep Elf Fire Elementalist began the quest for
                  | the Orb.
     0 | D:1      | Reached XP level 1. HP: 10/10 MP: 6/6
   208 | D:1      | Reached XP level 2. HP: 15/15 MP: 2/8
   413 | D:1      | Learned a level 2 spell: Scorch
   934 | D:1      | Found a faded altar of an unknown god.
  1042 | D:2      | Reached XP level 3. HP: 19/19 MP: 6/9
  1157 | D:2      | Identified the +6 scale mail "Emoum" {Rampage rC- Dex+4}
  1905 | D:3      | Reached XP level 4. HP: 24/24 MP: 7/11
  1975 | D:3      | Noticed Jessica
  1980 | D:3      | Killed Jessica
  1987 | D:3      | Learned a level 4 spell: Flame Wave
  2551 | D:4      | Noticed a water moccasin
  2555 | D:4      | Killed a water moccasin
  2556 | D:4      | Reached XP level 5. HP: 28/28 MP: 3/13
  2564 | D:5      | Entered Level 5 of the Dungeon
  2746 | D:5      | Reached XP level 6. HP: 29/32 MP: 9/15
  2749 | D:5      | Reached skill level 5 in Spellcasting
  2969 | D:5      | Reached skill level 5 in Fire Magic
  3424 | D:4      | Found a glowing silver altar of Zin.
  3671 | D:4      | Got Huzyenua's Parchment of the Birds and Fascination
  3783 | D:4      | Reached XP level 7. HP: 36/36 MP: 9/17
  4208 | D:4      | Learned a level 2 spell: Poisonous Vapours
  4230 | D:5      | Identified a scroll of acquirement
  4230 | D:5      | Acquired the ring of Uskock {rElec rF+ Int+6 Dex-5 Slay+4}
  4774 | D:6      | Killed an unseen horror
  4775 | D:6      | Reached skill level 5 in Conjurations
  4775 | D:6      | Reached XP level 8. HP: 12/41 MP: 1/20
  4781 | D:6      | Slain by a wight

Illustrated notes

Levels and vault maps discovered:
D:1:      wheals_arrival_linesprint, layout_rooms,
          dilly_ecumenical_altar_fadedgnrine
D:2:      layout_basic
D:3:      layout_basic, minivault_25, grunt_decor_one_mirror, uniq_jessica
D:4:      nicolae_cairo_tiling, layout_rooms, nicolae_overflow_crystal_walls,
          cheibrodos_sewer_entry_bend, kennysheep_generic_room_11
D:5:      layout_basic, serial_glass, glass_columns_b, glass_columns_b,
          glass_columns_a, glass_columns_c, glass_columns_a, glass_columns_b
D:6:      layout_loops_corners, serial_shops, kennysheep_little_box,
          minmay_statues_item, minmay_manual_mess

Skill      XL: |  1  2  3  4  5  6  7 |
---------------+----------------------+-----
Fire Magic     | 4 6 |  6.9
Stealth        | 3 4 |  4.0
Spellcasting   | 4 5 6 |  6.8
Conjurations   | 4 5 |  5.1
Dodging        | 3 |  3.1
Fighting       | |  0.2
Short Blades   | |  0.4
Air Magic      | |  0.4
Poison Magic   | |  0.2

Action                   |  1- 3 |  4- 6 |  7- 9 || total
-------------------------+-------+-------+-------++-------
Melee: Unarmed           |     4 |    14 |       ||    18
       Dagger            |       |     9 |    13 ||    22
       Punch             |       |     1 |       ||     1
 Cast: Foxfire           |    54 |    29 |    12 ||    95
       Scorch            |    11 |    31 |     6 ||    48
       Flame Wave        |       |     4 |     2 ||     6
       Poisonous Vapours |       |       |     3 ||     3
  Use: Scroll            |     7 |     3 |     2 ||    12
       Potion            |       |       |     5 ||     5
 Stab: Sleeping          |       |       |     1 ||     1
Armor: Robe              |     4 |    11 |     6 ||    21
Dodge: Dodged            |    22 |    26 |     9 ||    57
